 Dungeon Crawl Stone Soup version 0.30-a0-652-gcc886f7154 (webtiles) character file.

Game seed: 6028542123958582136

53 wormed the Grasshopper (level 3, 0/25 HPs)
             Began as an Octopode Warper on Jan 18, 2023.
             Slain by an adder (4 damage)
             ... on level 3 of the Dungeon.
             The game lasted 00:02:03 (1826 turns).

wormed the Grasshopper (Octopode Warper)            Turns: 1826, Time: 00:02:03

Health: 0/25       AC:  1    Str: 10    XL:     3   Next: 87%
Magic:  6/6        EV: 13    Int: 17    God:
Gold:   77         SH:  0    Dex: 11    Spells: 4/6 levels left

rFire   . . .      SeeInvis .      - Unarmed
rCold   . . .      Faith    .    (no shield)
rNeg    . . .      Spirit   .    (helmet restricted)
rPois   .          Reflect  .    (no amulet)
rElec   .          Harm     .    (no ring)
rCorr   .          Rampage  .    (no ring)
Will    .....                    (no ring)
Stlth   ++                       (no ring)
HPRegen 0.24/turn                (no ring)
MPRegen 0.10/turn                (no ring)
                                 (no ring)
                                 (no ring)

@: no status effects
A: almost no armour, amphibious, 8 rings, camouflage 1, gelatinous body 1,
(nimble swimmer 1), tentacles
a: no special abilities


You were on level 3 of the Dungeon.
You visited 1 branch of the dungeon, and saw 3 of its levels.

You collected 77 gold pieces.

Inventory:

Missiles
 b - 4 boomerangs of dispersal (quivered)
Scrolls
 a - 2 scrolls of blinking
 c - a scroll of enchant weapon {unknown}
 d - a scroll of vulnerability {unknown}
 e - 2 scrolls of identify
 g - a scroll of teleportation {unknown}
Potions
 f - 2 potions of cancellation {unknown}
 h - a potion of mutation
 i - a potion of haste {unknown}
 j - a potion of heal wounds {unknown}


   Skills:
 + Level 2.6 Fighting
 - Level 1.0 Throwing
 + Level 2.9 Dodging
 + Level 2.7 Unarmed Combat
 + Level 2.4 Spellcasting
 - Level 3.0 Translocations


You had 4 spell levels left.
You knew the following spells:

 Your Spells              Type           Power      Damage    Failure   Level
a - Blink                 Tloc           24%        N/A       9%          2

Your spell library contained the following spells:

 Spells                   Type           Power      Damage    Failure   Level
 Lesser Beckoning         Tloc           24%        N/A       9%          2
 Momentum Strike          Conj/Tloc      14%        3d8       16%         2
 Teleport Other           Tloc           12%        N/A       16%         3
 Vhi's Electric Charge    Tloc/Air       14%        N/A       30%         3
 Manifold Assault         Tloc           12%        N/A       47%         4


Dungeon Overview and Level Annotations

Branches:
Dungeon (3/15)

Altars:


Innate Abilities, Weirdness & Mutations

You cannot wear most types of armour.
You are amphibious.
You can wear up to eight rings at the same time.
Your skin changes colour to match your surroundings (Stealth+).
Your rubbery body absorbs attacks. (AC +1, EV +1)
((You are camouflaged when in or above water. (Stealth+)))
You have tentacles for arms and can constrict up to eight enemies at once.


Message History

Your squeeze misses the adder. The adder bites you.
You closely miss the adder. Your grab misses the adder.
You tentacle-slap the adder. Your squeeze misses the adder.
The adder is moderately wounded.
The adder bites you.
You miss the adder. Your grab misses the adder.
The adder is moderately wounded.
The adder bites you.
You are poisoned.
The adder poisons you!
You tentacle-slap the adder. Your grab misses the adder. You squeeze the adder.
The adder is heavily wounded.
You feel sick. The adder bites you.
* * * LOW HITPOINT WARNING * * *
Throw: 7 boomerangs (disperse)
Press: ? - help, Q - select action, (/) - cycle Shift-Dir - straight line, f - adder
Aim: an adder (heavily wounded, 35% to hit)
You throw a boomerang of dispersal.
The boomerang of dispersal hits the adder.
The adder blinks!
The adder is almost dead.
You feel sick.
Throw: 6 boomerangs (disperse)
Press: ? - help, Q - select action, (/) - cycle Shift-Dir - straight line, f/p - adder
Aim: an adder (almost dead, 35% to hit)
You throw a boomerang of dispersal.
The boomerang of dispersal closely misses the adder.
You feel sick.
You are no longer poisoned.
Throw: 5 boomerangs (disperse)
Press: ? - help, Q - select action, (/) - cycle Shift-Dir - straight line, f/p - adder
Aim: an adder (almost dead, 35% to hit)
You throw a boomerang of dispersal.
The boomerang of dispersal barely misses the adder.
The adder barely misses you.
You tentacle-slap the adder but do no damage.
Your grab misses the adder.
The adder is almost dead.
The adder closely misses you. The adder bites you.
You die...

# . .# ####.#
#:######....##.#
#.....@S.......#
########.######
###.# #...#
#.### #.# #.#
#.# #.#


You could see an adder.

Vanquished Creatures
  An adder (D:2)
  A dart slug (D:2)
  2 endoplasms
  A giant cockroach (D:2)
  6 goblins
  6 hobgoblins
  4 jackals (D:2)
  A quokka (D:1)
  7 ball pythons
  2 bats (D:1)
  2 frilled lizards (D:2)
  3 kobolds
  4 rats
40 creatures vanquished.

Vanquished Creatures (others)
  A plant (D:3)
1 creature vanquished.

Grand Total: 41 creatures vanquished

Notes
Turn   | Place    | Note
-------+----------+-------------------------------------------
     0 | D:1      | wormed the Octopode Warper began the quest for the Orb.
     0 | D:1      | Reached XP level 1. HP: 14/14 MP: 3/3
   216 | D:1      | Reached XP level 2. HP: 19/19 MP: 5/5
   993 | D:1      | Learned a level 2 spell: Blink
  1011 | D:2      | Reached XP level 3. HP: 25/25 MP: 6/6
  1526 | D:2      | Found a faded altar of an unknown god.
  1826 | D:3      | Slain by an adder

Illustrated notes

Levels and vault maps discovered:
D:1:      dpeg_arrival_connections, layout_basic, minmay_misc_feat_enclosed,
          roderic_serpentine_path
D:2:      layout_basic, hellmonk_ecumenical_altar_dog_temple
D:3:      cheibrodos_old_hovel, layout_loops_ring, uniq_jessica

Action                   || total
-------------------------++-------
Melee: Unarmed           ||    92
       Constrict         ||    24
       Tentacles         ||    18
       Punch             ||     4
Throw: Boomerang         ||     3
  Use: Scroll            ||     5
 Stab: Sleeping          ||     7
Armor: Skin              ||     4
Dodge: Dodged            ||    60

Table legend: (Time is in decaauts)
 A = Elapsed time spent in this place.
 B = Non-inter-level travel time spent in this place.
 C = Inter-level travel time spent in this place.
 D = Time resting spent in this place.
 E = Time spent auto-exploring this place.
 F = Levels seen in this place.
 G = Mean time per level.
                   A        B        C        D        E       F      G
               +--------+--------+--------+--------+--------+-----+--------+
         Total |   1822 |   1754 |     68 |      0 |   1480 |   3 |  607.3 |
       Dungeon |   1822 |   1754 |     68 |      0 |   1480 |   3 |  607.3 |
               +--------+--------+--------+--------+--------+-----+--------+

Top non-repeatable levels by time:
     D:1: 992 daAuts
     D:2: 790 daAuts
     D:3: 39 daAuts
